 Dungeon Crawl Stone Soup version 0.24.0-37-gcf1ca852f1 (webtiles) character file.

Game seed: 3626125484731559349, levelgen mode: deterministic

258 Daemon1337 the Skirmisher (level 6, -4/66 HPs)
             Began as an Ogre Chaos Knight on Nov 24, 2019.
             Was a Plaything of Xom.
             Killed by divine providence
             ... invoked by an orc priest
              (8 damage)
             ... on level 4 of the Dungeon.
             The game lasted 00:09:39 (2999 turns).

Daemon1337 the Skirmisher (Ogre Chaos Knight)       Turns: 2999, Time: 00:09:39

Health: -4/66      AC:  5    Str: 19    XL:     6   Next: 16%
Magic:  6/6        EV:  7    Int: 13    God:    Xom [...*..]
Gold:   309        SH:  8    Dex:  8    Spells: 5/5 levels left

rFire    . . .     SeeInvis .   a - +0 hand axe (chaos)
rCold    . . .     Gourm    .   j - +1 shield
rNeg     . . .     Faith    .   d - +0 troll leather armour {Purgy}
rPois    .         Spirit   .   (helmet restricted)
rElec    .         Reflect  .   (no cloak)
rCorr    .         Harm     .   (gloves unavailable)
MR       .....                  (boots unavailable)
Stlth    +.........             (no amulet)
HPRegen  0.61/turn              (no ring)
MPRegen  0.10/turn              (no ring)

@: hasted, very quick
A: large, unfitting armour, tough skin 1
a: Renounce Religion


You were on level 4 of the Dungeon.
You worshipped Xom.
You were a favourite toy of Xom.
You were hungry.

You visited 1 branch of the dungeon, and saw 4 of its levels.
You also visited: Sewer.

You collected 309 gold pieces.

Inventory:

Hand Weapons
 a - a +0 hand axe of chaos (weapon)
Armour
 b - a +2 robe
 d - a +0 troll leather armour (worn) {Purgy}
 j - a +1 shield (worn)
Scrolls
 e - a scroll of identify
 f - a scroll of magic mapping {unknown}
 n - 2 scrolls of amnesia
Potions
 r - a potion of flight {unknown}
Comestibles
 c - 6 rations


   Skills:
 + Level 5.3 Fighting
 + Level 5.0 Axes
 + Level 3.1 Dodging
 + Level 0.5 Stealth
 + Level 1.5 Shields


You had 5 spell levels left.
You didn't know any spells.
Your spell library contained the following spells:

 Spells                   Type           Power        Failure   Level  Hunger
 Magic Dart               Conj           #...         88%         1    ##.....
 Blink                    Tloc           N/A          95%         2    ###....
 Call Imp                 Summ           #.......     95%         2    ###....
 Slow                     Hex            #.......     95%         2    ###....
 Conjure Flame            Conj/Fire      #.......     99%         3    ####...
 Mephitic Cloud           Conj/Pois/Air  #.......     99%         3    ####...


Dungeon Overview and Level Annotations

Branches:
Dungeon (4/15)              Sewer (visited)
 Temple: D:4-7

Altars:
Gozag
Kikubaaqudgha


Innate Abilities, Weirdness & Mutations

You are too large for most types of armour.
You have tough skin. (AC +1)


Message History

The hound closely misses you. The hound bites you.
* * * LOW HITPOINT WARNING * * *
An orc priest comes into view. It is wielding a +0 hand axe.
The orc priest shouts!
You hear a shout!
The hound closely misses your butterfly.
Something misses your butterfly.
An orc comes into view. It is wielding a +0 short sword.
Found an escape hatch in the floor.
You block the hound's attack. x2
The hound bites you but does no damage. Something hits you!
* * * LOW HITPOINT WARNING * * *
There are monsters nearby!
It was a potion of haste.
You feel yourself speed up. You block the hound's attack. x2
The orc priest calls down the wrath of Beogh upon you.
Beogh smites you!
You die...
Xom giggles madly!

.....# .....+
.....# #....#
#....# #######....#
# . ...........# ..
o.#######.@...# ...
....o....h..bb##...
...........b.......
............#.##..
..##+####+#....# #
. # ###..# ...
#.####.###......
##....b.........
........###.....


You could see a hound and an orc priest.

Vanquished Creatures
  An ice beast (Sewer)
  A crimson imp (D:3)
  3 adders (D:3)
  4 river rats
  An ooze (D:1)
  A worm (D:3)
  2 dart slugs
  A leopard gecko (D:1)
  9 bats
  4 giant cockroaches
  5 goblins
  8 hobgoblins
  5 jackals
  3 quokkas
  A ball python (D:3)
  4 frilled lizards
  6 kobolds
  5 rats
64 creatures vanquished.

Notes
Turn   | Place    | Note
-------+----------+-------------------------------------------
     0 | D:1      | Daemon1337 the Ogre Chaos Knight began the quest for the
                  | Orb.
     0 | D:1      | Reached XP level 1. HP: 24/24 MP: 1/1
    19 | D:1      | XOM: harmless Tmut miscast
    87 | D:1      | Reached XP level 2. HP: 33/33 MP: 2/2
   212 | D:1      | XOM: divination: detect creatures
   495 | D:1      | Reached XP level 3. HP: 40/40 MP: 3/3
   932 | D:2      | Found an ancient bone altar of Kikubaaqudgha.
   955 | D:2      | XOM: divination: magic mapping
  1143 | D:2      | XOM: divination: detect creatures
  1297 | D:2      | XOM: mild Fire miscast
  1441 | D:3      | XOM: cleaving
  1553 | D:3      | Reached XP level 4. HP: 40/49 MP: 4/4
  1670 | D:3      | Found an opulent altar of Gozag.
  1670 | D:3      | XOM: 3-stop teleportation journey
  1762 | D:3      | XOM: god gift: 5 atropa-tipped darts
  1764 | D:3      | XOM: blink monster(s)
  1766 | D:3      | Reached skill level 5 in Fighting
  1775 | D:3      | XOM: chaos upgrade
  1840 | D:3      | XOM: enchant monster (bad)
  1857 | D:3      | XOM: 1-stop teleportation journey
  1864 | D:3      | XOM: mild Chrm miscast
  1868 | D:3      | Reached XP level 5. HP: 40/57 MP: 5/5
  2032 | D:3      | Found a glowing drain.
  2041 | D:3      | XOM: smoke on damage
  2059 | Sewer    | Entered a sewer
  2061 | Sewer    | XOM: polymorph bat -> river rat
  2071 | Sewer    | XOM: smoke on damage
  2073 | Sewer    | Reached skill level 1 in Shields
  2088 | Sewer    | Noticed Purgy
  2091 | Sewer    | Noticed Purgy
  2091 | Sewer    | Purgy changed into Purgy the ice beast
  2091 | Sewer    | XOM: polymorph Purgy -> Purgy the ice beast
  2103 | Sewer    | XOM: noise
  2106 | Sewer    | XOM: cast spell 'Summon Butterflies'
  2222 | Sewer    | XOM: harmless Summ miscast
  2338 | Sewer    | Killed Purgy the ice beast
  2338 | Sewer    | Reached XP level 6. HP: 28/66 MP: 6/6
  2541 | D:3      | Reached skill level 5 in Axes
  2660 | D:3      | XOM: harmless Necr miscast
  2953 | D:4      | XOM: confusion (+ monsters)
  2958 | D:4      | Noticed a phantom
  2963 | D:4      | XOM: snakes to sticks
  2966 | D:4      | XOM: cast spell 'Summon Horrible Things'
  2985 | D:4      | XOM: butterfly on damage
  2998 | D:4      | HP: 3/66 [something (13)]
  2999 | D:4      | Killed from afar by an orc priest

Levels and vault maps discovered:
D:1:      lightli_arrival_farm, layout_loops_ring, minmay_tetromino_i2
D:2:      layout_basic, overflow_temple_1_default, serial_forest,
          infiniplex_forest_straight_4, infiniplex_forest_fountain,
          infiniplex_forest_lined_corner, infiniplex_forest_end_2,
          infiniplex_forest_3_way
D:3:      layout_basic, overflow_temple_1_default, portal_sewer_entry_e
D:4:      layout_basic, first_ration, lemuel_another_geyser

Skill      XL: |  1  2  3  4  5  6 |
---------------+-------------------+-----
Fighting       | 5 |  5.3
Axes           | 4 5 |  5.0
Shields        | 1 |  1.5
Dodging        | 3 |  3.1
Stealth        | |  0.5

Action                   |  1- 3 |  4- 6 || total
-------------------------+-------+-------++-------
Melee: Hand axe          |   101 |   122 ||   223
  Use: Scroll            |       |     9 ||     9
       Potion            |       |     7 ||     7
 Stab: Sleeping          |     1 |       ||     1
  Eat: Chunk             |     2 |     4 ||     6
Armor: Robe              |    47 |    56 ||   103
       Troll leather arm |       |     4 ||     4
Dodge: Dodged            |    51 |    52 ||   103
Block: Shield            |    32 |    52 ||    84
